 Dungeon Crawl Stone Soup version 0.29-a0-275-g389c0b56f3 (webtiles) character file.

Game seed: 10180462147977935637

1231 testman the Grave Robber (level 8, -3/58 (61) HPs)
             Began as a Demonspawn Necromancer on Mar 9, 2022.
             Was a Priest of Sif Muna.
             Asphyxiated
             ... on level 7 of the Dungeon.
             The game lasted 00:37:11 (6812 turns).

testman the Grave Robber (Demonspawn Necromancer)   Turns: 6812, Time: 00:37:12

HP:   -3/58 (61)    AC: 12    Str:  9    XL:     8   Next: 24%
MP:   14/15         EV: 12    Int: 19    God:    Sif Muna [***...]
Gold: 302           SH:  0    Dex: 13    Spells: 3/17 levels left

rFire   . . .      SeeInvis .   r - +1 dagger (drain)
rCold   . . .      Faith    .   (no shield)
rNeg    . . .      Spirit   .   a - +0 robe
rPois   .          Reflect  .   (no helmet)
rElec   .          Harm     .   (no cloak)
rCorr   .          Rampage  .   (no gloves)
Will    +....                   C - +2 pair of boots
Stlth   ++........              y - amulet of magic regeneration
HPRegen 0.19/turn               m - ring of willpower
MPRegen 0.54/turn               x - +4 ring of protection

@: lethally poisoned (-3 -> -14), lightly drained
A: thin metallic scales 2, foul stench 2, powered by death 3
a: Renounce Religion, Channel Magic, Forget Spell


You were on level 7 of the Dungeon.
You worshipped Sif Muna.
Sif Muna was most pleased with you.
You visited 1 branch of the dungeon, and saw 7 of its levels.

You collected 472 gold pieces.
You spent 170 gold pieces at shops.

Inventory:

Hand Weapons
 e - a +0 dagger
 r - a +1 dagger of draining (weapon)
 u - a +0 dagger of venom
 v - a +0 hunting sling
Missiles
 c - 192 stones
 B - 4 boomerangs
 E - 6 poisoned darts
Armour
 a - a +0 robe (worn)
 C - a +2 pair of boots (worn)
Jewellery
 m - a ring of willpower (left hand)
 w - the ring "Aruokesi" {Ice rElec}
   (You found it on level 4 of the Dungeon)

   [ring of ice]

   It enhances your ice magic.
   rF:        It makes you vulnerable to fire.
   rC:        It protects you from cold.
   rElec:     It insulates you from electricity.
 x - a +4 ring of protection (right hand)
 y - an amulet of magic regeneration (around neck)
Wands
 t - a wand of paralysis (11)
Scrolls
 g - 2 scrolls of summoning {unknown}
 h - 3 scrolls of blinking
 j - a scroll of enchant weapon {unknown}
 o - 2 scrolls of silence
 p - 3 scrolls of amnesia
 q - a scroll of acquirement {unknown}
 A - 3 scrolls of teleportation {unknown}
 D - a scroll of vulnerability {unknown}
 F - 2 scrolls of magic mapping {unknown}
Potions
 b - 3 potions of magic
 d - a potion of ambrosia
 f - 4 potions of might
 i - a potion of heal wounds
 k - 2 potions of flight {unknown}
 l - a potion of haste
 n - a potion of curing {unknown}
 s - 4 potions of resistance
 z - a potion of lignification {unknown}


   Skills:
 + Level 4.4 Fighting
 - Level 1.7 Dodging
 - Level 1.7 Stealth
 + Level 5.1 Spellcasting
 + Level 7.2 Necromancy
 + Level 5.9 Invocations


You had 3 spell levels left.
You knew the following spells:

 Your Spells              Type           Power      Damage    Failure   Level
a - Pain                  Necr           100%       1d9       1%          1
b - Vampiric Draining     Necr           32%        2d8       1%          3
c - Apportation           Tloc           8%         N/A       12%         1
d - Animate Dead          Necr           16%        N/A       6%          4
e - Agony                 Necr           32%        N/A       17%         5

Your spell library contained the following spells:

 Spells                   Type           Power      Damage    Failure   Level
 Animate Skeleton         Necr           64%        N/A       1%          1
 Summon Small Mammal      Summ           16%        N/A       12%         1
 Ensorcelled Hibernation  Hex/Ice        8%         N/A       19%         2
 Passwall                 Tmut/Erth      3%         N/A       19%         2
 Swiftness                Air            4%         N/A       36%         3


Dungeon Overview and Level Annotations

Branches:
Dungeon (7/15)             Temple (0/1) D:6

Altars:
Dithmenos
Sif Muna
Vehumet
Xom

Shops:
D:3 *

Annotations:
D:4 1 runed translucent door, CowFu's ghost, amateur MiFi


Innate Abilities, Weirdness & Mutations

You are mostly covered in thin metallic scales. (AC +3)
You sometimes emit foul miasma when damaged in melee.
You regenerate a lot of health from kills.


Message History

Aim: a steam dragon (heavily wounded, chance to affect: 83%)
The steam dragon writhes in agony.
The kobold throws a stone.
The stone hits you but does no damage. The steam dragon breathes steam at you.
The ball of steam hits you.
You hear a shout! x2
You start resting.
Aiming: Pain (safe; 1% risk of failure)
Press: ? - help, Q - select action, (/) - cycle Shift-Dir - straight line, f - kobold
Aim: a kobold, wielding a +0 short sword and quivering stones (steam, chance to affect: 93%)
The kobold writhes in agony.
The kobold is engulfed in a cloud of scalding steam.
The kobold dies!
Aiming: Pain (safe; 1% risk of failure)
Press: ? - help, Q - select action, (/) - cycle Shift-Dir - straight line, f - steam dragon
Aim: a steam dragon (severely wounded, chance to affect: 83%)
The steam dragon writhes in agony.
You are engulfed in a cloud of scalding steam.
A kobold brigand comes into view.
It is wielding a +0 whip and quivering curare-tipped darts.
The steam dragon breathes steam at you. The ball of steam hits you!
* * * LOW HITPOINT WARNING * * *
The kobold brigand moves out of view.
The steam dragon breathes steam at you. The ball of steam hits you!
* * * LOW HITPOINT WARNING * * *
Aiming: Pain (safe; 1% risk of failure)
Press: ? - help, Q - select action, (/) - cycle Shift-Dir - straight line, f - kobold brigand
Aim: a kobold brigand, wielding a +0 whip and quivering curare-tipped darts (steam, heavily wounded, chance to affect: 83%)
The kobold brigand barely resists.
The kobold brigand is engulfed in a cloud of scalding steam.
Aiming: Pain (safe; 1% risk of failure)
Press: ? - help, Q - select action, (/) - cycle Shift-Dir - straight line, f - steam dragon, p - kobold brigand
Aim: a steam dragon (almost dead, catching its breath, chance to affect: 83%)
The kobold brigand writhes in agony!
The kobold brigand throws a curare-tipped dart.
The curare-tipped dart hits you.
You are lethally poisoned!
You have difficulty breathing.
You die...

#. #. #. #.
.#.###D######### #######.#
......K.)......# #.......#
.##.§§§§....###.#######
.D.....$#D§###............
..§..§#...K§.@.....#######
........######.###.###
....##.## #.#.....# ....
#. #.#.....##### ... #.
#.#>.......)# <# ..
..#.....###.# ###.....#
###.### ##.#


You could see a steam dragon (catching breath) and a kobold brigand.

Vanquished Creatures
  2 ice beasts
  An ogre (D:4)
  2 phantoms (D:4)
  A kobold brigand (D:6)
  A bullfrog (D:7)
  4 scorpions
  3 hounds
  An orc priest (D:5)
  2 iguanas
  An orc wizard (D:4)
  7 gnolls (D:4)
  5 adders
  A shadow imp (D:5)
  3 worms
  A dart slug (D:4)
  15 orcs
  6 bats
  5 endoplasms
  3 giant cockroaches
  14 goblins
  12 hobgoblins
  2 jackals (D:1)
  14 kobolds
  5 quokkas
  11 ball pythons
  A frilled lizard (D:3)
  4 rats
127 creatures vanquished.

Vanquished Creatures (collateral kills)
  An endoplasm (D:3)
  A hobgoblin (D:3)
2 creatures vanquished.

Vanquished Creatures (others)
  A kobold (D:7)
1 creature vanquished.

Grand Total: 130 creatures vanquished

Notes
Turn   | Place    | Note
-------+----------+-------------------------------------------
     0 | D:1      | testman the Demonspawn Necromancer began the quest for the
                  | Orb.
     0 | D:1      | Reached XP level 1. HP: 13/13 MP: 3/3
   307 | D:1      | Found a faded altar of an unknown god.
   311 | D:1      | Prayed at the altar of an unknown god.
   311 | D:1      | Became a worshipper of Sif Muna the Loreminder
   311 | D:1      | Reached * piety under Sif Muna
   320 | D:1      | Gained mutation: You are partially covered in thin metallic
                  | scales. (AC +2) [demonic ancestry]
   320 | D:1      | Reached XP level 2. HP: 15/19 MP: 0/5
  1481 | D:1      | Reached skill level 5 in Necromancy
  1481 | D:1      | Gained mutation: You regenerate a little health from kills.
                  | [demonic ancestry]
  1481 | D:1      | Reached XP level 3. HP: 17/24 MP: 5/7
  1485 | D:1      | Learned a level 3 spell: Vampiric Draining
  1747 | D:2      | Reached ** piety under Sif Muna
  2047 | D:2      | Reached skill level 1 in Invocations
  2085 | D:2      | Learned a level 1 spell: Apportation
  2365 | D:2      | Gained mutation: You are mostly covered in thin metallic
                  | scales. (AC +3) [demonic ancestry]
  2365 | D:2      | Reached XP level 4. HP: 29/31 MP: 4/8
  2600 | D:2      | Learned a level 4 spell: Animate Dead
  2690 | D:3      | Reached skill level 1 in Fighting
  2969 | D:3      | Found Gaaryl's General Store.
  2974 | D:3      | Bought 3 scrolls of identify for 66 gold pieces
  2974 | D:3      | Bought a scroll of identify for 22 gold pieces
  2974 | D:3      | Bought a scroll of blinking for 82 gold pieces
  3789 | D:3      | You fall into a shaft and drop 2 floors!
  3789 | D:5      | Entered Level 5 of the Dungeon
  3802 | D:5      | Gained mutation: You may rarely emit foul miasma when
                  | damaged in melee. [demonic ancestry]
  3802 | D:5      | Reached XP level 5. HP: 36/37 MP: 9/9
  4063 | D:5      | Noticed an ice beast
  4069 | D:5      | Killed an ice beast
  4070 | D:5      | Gained mutation: You regenerate health from kills. [demonic
                  | ancestry]
  4070 | D:5      | Reached XP level 6. HP: 28/46 MP: 2/11
  4212 | D:4      | Found a runed translucent door.
  4236 | D:4      | Noticed CowFu's ghost (amateur MiFi)
  4254 | D:4      | Reached skill level 6 in Necromancy
  4366 | D:4      | Found a shadowy altar of Dithmenos.
  4421 | D:4      | Reached *** piety under Sif Muna
  4698 | D:4      | Gained mutation: You regenerate a lot of health from kills.
                  | [demonic ancestry]
  4698 | D:4      | Reached XP level 7. HP: 36/52 MP: 13/13
  5007 | D:4      | Identified the ring "Aruokesi" {Ice rElec}
  5280 | D:4      | Found a shimmering altar of Xom.
  5513 | D:5      | Identified the +5 broad axe "Vizoylux" {drain, rF- rN+++
                  | rCorr Str-5}
  5582 | D:5      | Found a radiant altar of Vehumet.
  5699 | D:5      | Reached skill level 5 in Invocations
  5933 | D:6      | Found a staircase to the Ecumenical Temple.
  5983 | D:6      | Reached skill level 7 in Necromancy
  5983 | D:6      | Gained mutation: You sometimes emit foul miasma when
                  | damaged in melee. [demonic ancestry]
  5983 | D:6      | Reached XP level 8. HP: 55/60 MP: 11/15
  6268 | D:6      | Reached skill level 5 in Spellcasting
  6747 | D:7      | Learned a level 5 spell: Agony
  6812 | D:7      | Asphyxiated

Illustrated notes

Levels and vault maps discovered:
D:1:      erik_arrival_orb_chamber, layout_basic,
          shapermc_ecumenical_altar_venn, minmay_tromino_i2
D:2:      layout_loops_ring
D:3:      minmay_door_path, layout_loops_ring, serial_shops,
          nicolae_shop_crystal, minmay_goblin_outpost
D:4:      layout_rooms, nicolae_dithmenos_shadow_blocks,
          lemuel_coloured_pillars_altar, serial_glass, glass_columns_a,
          glass_columns_b, gammafunk_ghost_grave
D:5:      layout_loops_ring, lemuel_round_altar
D:6:      layout_basic, minmay_temple_entry_statues_fountains,
          minmay_misc_feat_diagonals
D:7:      minmay_opposing_rooms, layout_loops_ring, okawaru_humans

Skill      XL: |  1  2  3  4  5  6  7  8 |
---------------+-------------------------+-----
Necromancy     | 5 6 7 |  7.2
Invocations    | 1 2 3 4 5 |  5.9
Spellcasting   | 3 4 5 |  5.1
Fighting       | 1 2 3 4 |  4.4
Dodging        | |  1.7
Stealth        | |  1.7

Action                   |  1- 3 |  4- 6 |  7- 9 || total
-------------------------+-------+-------+-------++-------
Melee: Dagger            |    62 |   179 |   153 ||   394
       Punch             |       |     1 |     1 ||     2
Throw: Stone             |     2 |       |       ||     2
 Cast: Pain              |    49 |    61 |    58 ||   168
       Vampiric Draining |     6 |     9 |     4 ||    19
       Animate Dead      |       |     1 |       ||     1
  Use: Scroll            |       |     7 |     1 ||     8
       Potion            |       |     1 |     1 ||     2
 Stab: Sleeping          |     5 |     5 |     1 ||    11
Armor: Robe              |    14 |    66 |    56 ||   136
Dodge: Dodged            |    50 |    69 |   103 ||   222

Table legend: (Time is in decaauts)
 A = Elapsed time spent in this place.
 B = Non-inter-level travel time spent in this place.
 C = Inter-level travel time spent in this place.
 D = Time resting spent in this place.
 E = Time spent auto-exploring this place.
 F = Levels seen in this place.
 G = Mean time per level.
                   A        B        C        D        E       F      G
               +--------+--------+--------+--------+--------+-----+--------+
         Total |   6796 |   6583 |    213 |   1867 |   3514 |   7 |  970.9 |
       Dungeon |   6796 |   6583 |    213 |   1867 |   3514 |   7 |  970.9 |
               +--------+--------+--------+--------+--------+-----+--------+

Top non-repeatable levels by time:
     D:1: 1464 daAuts
     D:3: 1346 daAuts
     D:2: 1134 daAuts
     D:5: 1068 daAuts
     D:4: 975 daAuts
     D:6: 734 daAuts
     D:7: 71 daAuts
